 Dungeon Crawl Stone Soup version 0.23-a0-481-g60b89c1 (webtiles) character file.

229 theanonym the Poker (level 5, -5/42 HPs)
             Began as a Mummy Warper on Nov 30, 2018.
             Killed by divine providence
             ... invoked by an orc priest
              (9 damage)
             ... on level 4 of the Dungeon.
             The game lasted 00:07:19 (5784 turns).

theanonym the Poker (Mummy Warper)                  Turns: 5784, Time: 00:07:20

Health: -5/42      AC:  7    Str: 16    XL:     5   Next: 71%
Magic:  18/18      EV:  6    Int: 12    God:
Gold:   167        SH:  0    Dex: 11    Spells: 9/9 levels left

rFire    x . .     SeeInvis .   m - +0 trident
rCold    + . .     Gourm    .   o - +2 shield
rNeg     + + +     Faith    .   e - +0 scale mail
rPois    ∞         Spirit   .   c - +0 helmet
rElec    .         Reflect  .   (no cloak)
rCorr    .         Harm     .   (no gloves)
MR       .....                  (no boots)
Stlth    ..........             (no amulet)
HPRegen  0.14/turn              h - ring of flight
MPRegen  0.16/turn              a - ring of magical power

@: confused
A: no food or potions, fire vulnerability, cold resistance 1, negative energy
resistance 3, torment resistance, unbreathing
a: Evoke Flight


Innate Abilities, Weirdness & Mutations

You do not eat or drink.
Your flesh is vulnerable to fire.
You are immune to poison.
Your flesh is cold resistant. (rC+)
You are immune to negative energy. (rN+++)
You are immune to unholy pain and torment.
You can survive without breathing.


   Skills:
 + Level 3.7 Fighting
 * Level 4.2 Polearms
 - Level 0.7 Throwing
 - Level 0.7 Armour
 - Level 1.5 Dodging
 - Level 2.6 Spellcasting
   Level 2.4 Translocations


You had 9 spell levels left.
You didn't know any spells.
Your spell library contained the following spells:

 Spells                   Type           Power        Failure   Level  Hunger
 Blink                    Tloc           N/A          98%         2    N/A
 Shroud of Golubria       Chrm/Tloc      #.........   99%         2    N/A
 Gell's Gravitas          Tloc           #.........   100%        3    N/A
 Lesser Beckoning         Tloc           #.........   100%        3    N/A
 Teleport Other           Tloc           #.......     100%        3    N/A
 Passage of Golubria      Tloc           N/A          100%        4    N/A

Skill      XL: |  1  2  3  4  5 |
---------------+----------------+-----
Polearms       | 2 3 4 |  4.2
Fighting       | 3 |  3.7
Throwing       | |  0.7
Armour         | |  0.7
Dodging        | |  1.5
Spellcasting   | |  2.6
Translocations | |  2.4

Action                   |  1- 3 |  4- 6 || total
-------------------------+-------+-------++-------
Melee: Spear             |   247 |   138 ||   385
       Trident           |       |   159 ||   159
Throw: Tomahawk          |     5 |     2 ||     7
  Use: Scroll            |       |     7 ||     7
Armor: Leather armour    |    68 |       ||    68
       Scale mail        |     1 |   128 ||   129
Dodge: Dodged            |   155 |   138 ||   293
Block: Shield            |       |    16 ||    16

Inventory:

Hand Weapons
 m - a +0 trident (weapon)
   (You took it off an orc on level 2 of the Dungeon)
Missiles
 k - 7 tomahawks (quivered)
Armour
 c - a +0 helmet (worn)
   (You found it on level 1 of the Dungeon)
 e - a +0 scale mail (worn)
   (You took it off a hobgoblin on level 2 of the Dungeon)
 o - a +2 shield (worn)
   (You took it off a hobgoblin on level 3 of the Dungeon)
Jewellery
 a - a ring of magical power (right hand)
   (You found it on level 3 of the Dungeon)
 h - a ring of flight (left hand)
   (You found it on level 1 of the Dungeon)
Scrolls
 i - a scroll of immolation
 l - a scroll of amnesia
 y - a scroll of magic mapping


You were on level 4 of the Dungeon.
You were not hungry.

You visited 1 branch of the dungeon, and saw 4 of its levels.

You collected 167 gold pieces.

Dungeon Overview and Level Annotations

Branches:
Dungeon (4/15)
 Temple: D:4-7

Altars:
Ru

*,,,,,* ##?..............#
**,**** #................#
*,,* ##.<..............#
**,* #.................#
**,*** #.................#
**,,,,**##................#
*,,,*,,,*##..............##
,,,****,,####....o......##
,,** ***..####.@o....).#
,** **#..#####)....## **
***,,#...##..##.## *
*,,,,,,#....##*##
**,,......#.##
**,,,.....,o.#*
**,,,,....,....**
*,,,,,...,.....,*
**,,,,,..,.......*


You could see an orc priest and an orc wizard.

Notes
Turn   | Place    | Note
-------+----------+-------------------------------------------
     0 | D:1      | theanonym the Mummy Warper began the quest for the Orb.
     0 | D:1      | Reached XP level 1. HP: 16/16 MP: 4/4
   133 | D:1      | Reached skill level 2 in Polearms
   139 | D:1      | Reached XP level 2. HP: 15/22 MP: 5/5
   140 | D:1      | HP: 9/22 [kobold/+0 whip (4)]
   143 | D:1      | HP: 4/22 [kobold/+0 whip (4)]
   745 | D:2      | HP: 9/23 [adder (3)]
   966 | D:2      | Reached XP level 3. HP: 27/28 MP: 7/7
  1040 | D:2      | HP: 14/28 [worm (5)]
  1063 | D:2      | HP: 6/28 [worm (10)]
  1513 | D:2      | HP: 10/28 [worm (10)]
  1770 | D:2      | Reached skill level 3 in Polearms
  1773 | D:2      | HP: 10/28 [leopard gecko (5)]
  1780 | D:2      | HP: 5/28 [leopard gecko (4)]
  1789 | D:2      | HP: 5/28 [bat (1)]
  1798 | D:2      | HP: 5/28 [bat (1)]
  2196 | D:2      | Reached XP level 4. HP: 32/34 MP: 8/8
  2295 | D:2      | Reached skill level 3 in Fighting
  2927 | D:3      | HP: 12/35 [orc priest/divine providence (11)]
  3270 | D:2      | HP: 17/35 [orc priest/divine providence (15)]
  3510 | D:2      | HP: 15/35 [orc/+0 club (3)]
  3520 | D:2      | HP: 13/35 [orc/+0 club (4)]
  3767 | D:3      | HP: 14/35 [orc priest/divine providence (8)]
  3775 | D:2      | HP: 11/35 [orc/+0 trident (4)]
  3787 | D:2      | HP: 10/35 [orc/+0 trident (2)]
  4658 | D:3      | HP: 15/35 [orc priest/divine providence (9)]
  4659 | D:3      | Reached XP level 5. HP: 18/41 MP: 9/9
  5088 | D:3      | Reached skill level 4 in Polearms
  5119 | D:3      | HP: 12/41 [orc priest/divine providence (11)]
  5129 | D:3      | HP: 8/41 [orc priest (1)]
  5545 | D:3      | Found a sacrificial altar of Ru.
  5623 | D:4      | Noticed a phantom
  5776 | D:4      | HP: 19/42 [orc priest/divine providence (15)]
  5781 | D:4      | HP: 16/42 [orc priest/+0 falchion (4)]
  5783 | D:4      | HP: 3/42 [orc priest/divine providence (13)]
  5784 | D:4      | Killed from afar by an orc priest

Vanquished Creatures
  3 orc priests
  3 adders (D:2)
  3 worms
  A leopard gecko (D:2)
  14 orcs
  9 bats
  5 giant cockroaches
  9 goblins
  16 hobgoblins
  4 jackals (D:2)
  A quokka (D:2)
  2 ball pythons (D:2)
  A frilled lizard (D:2)
  7 kobolds
  A quokka skeleton (D:4)
  8 rats
87 creatures vanquished.

Table legend:
 A = Turns spent in this place as a percentage of turns spent in the entire game.
 B = Non-inter-level travel turns spent in this place as a percentage of non-inter-level travel turns spent in the entire game.
 C = Inter-level travel turns spent in this place as a percentage of turns spent in this place.
 D = Turns resting spent in this place as a percentage of non-inter-level travel turns spent in this place.
 E = Turns spent auto-exploring this place as a percentage of non-inter-level travel turns spent in this place.
 F = Non-inter-level travel turns spent in this place divided by the number of levels of this place that you've seen.
                   A       B       C       D       E      F
               +-------+-------+-------+-------+-------+----------------------
         Total | 100.0 | 100.0 |   5.2 |  54.9 |  25.5 | 1371.0
       Dungeon | 100.0 | 100.0 |   5.2 |  54.9 |  25.5 | 1371.0
               +-------+-------+-------+-------+-------+----------------------
